 Dungeon Crawl Stone Soup version 0.22-a0-362-g535178c (webtiles) character file.

29 Kikal the Ducker (level 3, -2/17 HPs)
             Began as a Felid Monk on Apr 21, 2018.
             Slain by Terence
             ... wielding a +0 mace of crushing
              (3 damage)
             ... on level 2 of the Dungeon.
             The game lasted 00:03:49 (1042 turns).

Kikal the Ducker (Felid Monk)                       Turns: 1042, Time: 00:03:50

Health: -2/17      AC:  1    Str:  7    XL:     3   Next: 1%
Magic:  4/4        EV: 20    Int: 12    God:
Gold:   66         SH:  0    Dex: 18    Spells: 2/2 levels left
                                        Lives:  0   Deaths: 0

rFire    . . .     SeeInvis +     - Unarmed
rCold    . . .     Gourm    .   (shield unavailable)
rNeg     . . .     Faith    .   (armour unavailable)
rPois    .         Spirit   .   (helmet unavailable)
rElec    .         Reflect  .   (cloak unavailable)
rCorr    .         Harm     .   (gloves unavailable)
MR       .....                  (boots unavailable)
Stlth    +++.......             (no amulet)
HPRegen  0.05/turn              (no ring)
MPRegen  0.09/turn              (no ring)

@: quick
A: very small, no armour, no weapons or thrown items, stealth, claws 1, fangs 3,
see invisible, carnivore, speed 1, shaggy fur 1, slow metabolism 1, sharp paws
a: no special abilities


You were on level 2 of the Dungeon.
You were very full.

You visited 1 branch of the dungeon, and saw 2 of its levels.

You collected 66 gold pieces.

Inventory:

Jewellery
 g - an uncursed ring of protection from cold {unknown}
Scrolls
 c - a scroll of immolation {unknown}
 e - a scroll of remove curse {unknown}
Potions
 b - a potion of flight {unknown}
 d - a potion of curing {unknown}
 f - a potion of haste {unknown}
 i - a potion of heal wounds {unknown}
Comestibles
 a - 2 rations


   Skills:
 + Level 3.2 Fighting
 + Level 4.3 Dodging
 + Level 3.3 Stealth
 * Level 3.5 Unarmed Combat


You had 2 spell levels left.
You didn't know any spells.

Dungeon Overview and Level Annotations

Branches:
Dungeon (2/15)

Altars:

Annotations:
D:2 Natasha, Robin, Terence


Innate Abilities, Weirdness & Mutations

You cannot wear armour.
You are incapable of wielding weapons or throwing items.
Your paws allow you to move quietly. (Stealth)
You have sharp claws.
You have razor-sharp teeth.
You have supernaturally acute eyesight. (SInv)
You are carnivorous and can eat meat at any time.
You cover ground quickly.
You are covered in fur. (AC +1)
You have a slow metabolism.
Your sharp claws are effective at attacking unaware monsters.


Message History

Natasha casts a spell.
You barely miss Terence.
The crimson imp blinks!
Terence hits you with a mace of crushing.
* * * LOW HITPOINT WARNING * * *
The white imp sputters.
You take 5 damage, and have 5/17 hp.
MASSIVE DAMAGE!!
You closely miss Terence.
The white imp disappears in a puff of smoke!
The crimson imp hits you.
* * * LOW HITPOINT WARNING * * *
You take 2 damage, and have 3/17 hp.
You scratch the crimson imp. Terence completely misses you.
The crimson imp hits you.
* * * LOW HITPOINT WARNING * * *
You take 2 damage, and have 1/17 hp.
You scratch Terence but do no damage.
Natasha extends her claws.
Natasha casts a spell.
Terence hits you with a mace of crushing.
You die...

..#.# #....## .###.#
#.#.## ..# #. #.###.#.#
#5# # #.......# #.#
#####...# ... #####...#
#h# #.....#.# #
#.########.###...#
#.##.#.#.55h@@5.......#
#........######.###.###
.......[### #.# #.#
#####.### #.# #.# #.
#.# #.# # #.# #.# #.#
... #.# .. ...


You could see Terence, Natasha, 2 crimson imps and a shadow imp.

Vanquished Creatures
  An ooze (D:1)
  6 bats
  2 giant cockroaches (D:1)
  6 goblins
  4 hobgoblins (D:1)
  A kobold (D:1)
  A frilled lizard (D:1)
  A rat (D:1)
22 creatures vanquished.

Notes
Turn   | Place    | Note
-------+----------+-------------------------------------------
     0 | D:1      | Kikal the Felid Monk began the quest for the Orb.
     0 | D:1      | Reached XP level 1. HP: 10/10 MP: 2/2
    99 | D:1      | Reached XP level 2. HP: 13/14 MP: 3/3
   720 | D:2      | Noticed Robin
   995 | D:2      | Reached XP level 3. HP: 17/17 MP: 4/4
  1018 | D:2      | Noticed Terence
  1022 | D:2      | Noticed Natasha
  1042 | D:2      | Slain by Terence

Vault maps used:
D:1:      lemuel_arrival_tunnels
D:2:      bloody_makhleb, uniq_terence, uniq_robin, uniq_natasha

Skill      XL: |  1 |
---------------+----+-----
Stealth        | 3 |  3.3
Fighting       | |  3.2
Dodging        | |  4.3
Unarmed Combat | |  3.5

Action                   || total
-------------------------++-------
Melee: Unarmed           ||    71
       Bite              ||     3
       Punch             ||     1
 Stab: Sleeping          ||     5
  Eat: Chunk             ||     7
Armor: Skin              ||     1
Dodge: Dodged            ||    53

Table legend:
 A = Spawn XP
 B = Non-spawn XP
 C = Spawn XP percentage of total XP
 D = Spawn monster count
 E = Non-spawn monster count
 F = Spawn count percentage of total count
 G = Total turns spent on level
                    A         B        C        D         E        F      G
               +---------+---------+-------+---------+---------+-------+---------
         Total |       0 |      42 |   0.0 |       0 |      22 |   0.0 |  1042
               +---------+---------+-------+---------+---------+-------+---------
           D:1 |       0 |      36 |   0.0 |       0 |      18 |   0.0 |   968
           D:2 |       0 |       6 |   0.0 |       0 |       4 |   0.0 |    74
               +---------+---------+-------+---------+---------+-------+---------
